[Event "Turkish Women-ch Arzum 2022"]
[Site "Ayvalik"]
[Date "2022.03.05"]
[Round "1.1"]
[White "Turunz, Dilek"]
[Black "Atalik, Ekaterina"]
[Result "0-1"]
[ECO "A21"]
[WhiteElo "1443"]
[BlackElo "2415"]
[Annotator "NA"]
[PlyCount "122"]
[EventDate "2022.03.04"]
[EventType "swiss"]
[EventCountry "TUR"]
[SourceTitle "playchess.com"]
[Source "ChessBase"]
[SourceQuality "1"]
[TimeControl "5400+30"]

1. c4 e5 2. Nc3 Nf6 3. e3 Bb4 4. Qc2 O-O 5. Nge2 c6 6. d4 e4 7. a3 Bxc3+ 8. Nxc3 d5 9. Be2 Re8 10. Bd2 dxc4 11. Bxc4 Be6 12. Be2 Bf5 13. h3 Nbd7 14. b4 Nb6 15. Rc1 Nfd5 16. O-O Qg5 17. Kh2 Re6 18. g4 Qh4 19. Rg1 Bg6 20. Rg3 Rf8 21. Rcg1 f5 22. gxf5 Bxf5 23. Be1 g6 24. Bg4 Nxc3 25. Qxc3 Bxg4 26. Rxg4 Qd8 27. Qc2 Qd5 28. Rg5 Qd6+ 29. Kh1 Nd5 30. Qc5 Qd7 31. Kh2 a6 32. R1g4 Rf3 33. Re5 Rxe5 34. dxe5 Rxh3+ 35. Kxh3 h5 36. Qd6 Qxg4+ 37. Kh2 Kf7 38. Qb8 Qd7 39. Qh8 Ke6 40. Qg8+ Qf7 41. Qh8 Kf5 42. Kg3 Kg5 43. Qd8+ Qe7 44. Qd6 Kf5 45. f4 Qxd6 46. exd6 Ke6 47. Bf2 Kxd6 48. Kh4 Ke6 49. Kg5 Ne7 50. Be1 Nf5 51. Bf2 b6 52. Be1 c5 53. bxc5 bxc5 54. a4 c4 55. a5 h4 56. Bxh4 Nxh4 57. Kxh4 c3 58. Kg5 c2 59. Kxg6 c1=Q 60. f5+ Ke5 61. f6 Qc6 0-1

[Event "Turkish Women-ch Arzum 2022"]
[Site "Ayvalik"]
[Date "2022.03.05"]
[Round "1.2"]
[White "Aydin, Gulenay"]
[Black "Buyuk, Elvin Esma"]
[Result "1/2-1/2"]
[ECO "B01"]
[WhiteElo "2069"]
[BlackElo "1326"]
[Annotator "NA"]
[PlyCount "151"]
[EventDate "2022.03.04"]
[EventType "swiss"]
[EventCountry "TUR"]
[SourceTitle "playchess.com"]
[Source "ChessBase"]
[SourceQuality "1"]
[TimeControl "5400+30"]

1. e4 d5 2. exd5 Qxd5 3. Nc3 Qa5 4. Bc4 Nf6 5. d4 Bf5 6. Nf3 e6 7. Bd2 c6 8. O-O Nbd7 9. Re1 Bb4 10. a3 Bxc3 11. Bxc3 Qc7 12. Bd3 Bxd3 13. Qxd3 O-O 14. Rad1 Nd5 15. Bd2 b5 16. b3 N5b6 17. Ne5 Nxe5 18. Rxe5 Rfd8 19. Bf4 Qe7 20. Bc1 Rd5 21. Bb2 Rad8 22. Rde1 Rxe5 23. Rxe5 Qd6 24. h3 Qxe5 25. dxe5 Rxd3 26. cxd3 Nd5 27. g3 Kf8 28. Bd4 a6 29. b4 Ke8 30. Kg2 Kd7 31. Kf3 Ke7 32. Ke4 g6 33. f4 Kf8 34. Bb2 Ke7 35. Bd4 Kf8 36. g4 Kg7 37. Bb2 Kf8 38. Ba1 Ke7 39. Bd4 Kf8 40. Be3 Nc3+ 41. Kd4 Na4 42. Ke4 Nc3+ 43. Kf3 Ke7 44. Bd4 Nd5 45. Bb2 Kf8 46. Bc1 Ke7 47. Bd2 Kd7 48. Ke4 Ne7 49. Kd4 Nd5 50. Ke4 Ne7 51. Be3 Nd5 52. Bd4 Ke7 53. f5 Kf8 54. f6 Ke8 55. Kf3 Kf8 56. Bb2 Ke8 57. Ke4 Kd7 58. Bc1 Nc3+ 59. Kf3 Ke8 60. Bd2 Nd5 61. Kg3 Kf8 62. Kh4 Kg8 63. Kg5 Kf8 64. Be1 Kg8 65. Bf2 Kf8 66. Bd4 Kg8 67. Bc5 Nc3 68. Kf4 Nb1 69. Ke3 Nc3 70. Bd6 Na4 71. Kd4 h6 72. h4 h5 73. g5 Kh7 74. Bc5 Kg8 75. Ke3 Kh7 76. Ke4 1/2-1/2

[Event "Turkish Women-ch Arzum 2022"]
[Site "Ayvalik"]
[Date "2022.03.05"]
[Round "1.3"]
[White "Ozer, Melike Busra"]
[Black "Isgenderova, Hayale"]
[Result "0-1"]
[ECO "B45"]
[WhiteElo "1300"]
[BlackElo "2202"]
[Annotator "NA"]
[PlyCount "78"]
[EventDate "2022.03.04"]
[EventType "swiss"]
[EventCountry "TUR"]
[SourceTitle "playchess.com"]
[Source "ChessBase"]
[SourceQuality "1"]
[TimeControl "5400+30"]

1. e4 c5 2. Nf3 e6 3. d4 cxd4 4. Nxd4 Nf6 5. Nc3 Nc6 6. Be3 Bb4 7. Nxc6 bxc6 8. Bd3 d5 9. exd5 cxd5 10. O-O e5 11. Bg5 Bxc3 12. bxc3 O-O 13. Re1 Qd6 14. c4 e4 15. Be2 d4 16. f3 Qc5 17. Bxf6 gxf6 18. Kh1 e3 19. Bd3 Be6 20. f4 Bxc4 21. Qg4+ Kh8 22. Be4 Rae8 23. Bxh7 Kxh7 24. Qh4+ Kg7 25. Qg4+ Kh6 26. Qh4+ Qh5 27. Qxf6+ Qg6 28. Qxd4 Rg8 29. g3 Re4 30. Qxa7 Bd5 31. Kg1 Rge8 32. Rad1 Ba8 33. Qc5 R4e6 34. Rd4 Rc6 35. f5 Rxc5 36. fxg6 fxg6 37. c4 Ra5 38. Rd3 Rxa2 39. Rdxe3 Rg2+ 0-1

[Event "Turkish Women-ch Arzum 2022"]
[Site "Ayvalik"]
[Date "2022.03.05"]
[Round "1.4"]
[White "Caglar, Sila"]
[Black "Gedik, Eylul Ceren"]
[Result "1-0"]
[ECO "B65"]
[WhiteElo "2200"]
[BlackElo "1282"]
[Annotator "NA"]
[PlyCount "59"]
[EventDate "2022.03.04"]
[EventType "swiss"]
[EventCountry "TUR"]
[SourceTitle "playchess.com"]
[Source "ChessBase"]
[SourceQuality "1"]
[TimeControl "5400+30"]

1. e4 c5 2. Nf3 Nc6 3. d4 cxd4 4. Nxd4 Nf6 5. Nc3 d6 6. Bg5 e6 7. Qd2 Be7 8. O-O-O O-O 9. f4 Nxd4 10. Qxd4 Qa5 11. h4 Rd8 12. Be2 Bd7 13. h5 h6 14. Bh4 Rac8 15. g4 e5 16. fxe5 dxe5 17. Qe3 Bc5 18. Qg3 Bd4 19. Bxf6 gxf6 20. Rxd4 exd4 21. Nd5 Kg7 22. g5 hxg5 23. h6+ Kh8 24. Qd6 Rc6 25. Qe7 Rdc8 26. Qxf7 Rxc2+ 27. Kb1 Rxb2+ 28. Kxb2 Qd2+ 29. Kb1 Qc2+ 30. Ka1 1-0

[Event "Turkish Women-ch Arzum 2022"]
[Site "Ayvalik"]
[Date "2022.03.05"]
[Round "1.5"]
[White "Bursali, Ela"]
[Black "Kocyigit, Buse Naz"]
[Result "1/2-1/2"]
[ECO "B22"]
[WhiteElo "1353"]
[BlackElo "2023"]
[Annotator "NA"]
[PlyCount "116"]
[EventDate "2022.03.04"]
[EventType "swiss"]
[EventCountry "TUR"]
[SourceTitle "playchess.com"]
[Source "ChessBase"]
[SourceQuality "1"]
[TimeControl "5400+30"]

1. e4 c5 2. c3 d5 3. exd5 Qxd5 4. d4 g6 5. Na3 cxd4 6. cxd4 Bg7 7. Nf3 Nf6 8. Bc4 Qd8 9. O-O O-O 10. Be3 Nc6 11. h3 Bf5 12. Rc1 Be4 13. Ne5 Qa5 14. Bxf7+ Rxf7 15. Nxf7 Kxf7 16. Rc5 Qd8 17. Qb3+ Bd5 18. Qxb7 Nxd4 19. Qc7 Nf5 20. Qxd8 Rxd8 21. Rd1 Nxe3 22. fxe3 Bh6 23. Nc2 Rd7 24. b3 Bxg2 25. Rxd7 Nxd7 26. Rc7 Bxh3 27. Rxa7 Bf5 28. Kf2 Ne5 29. Rc7 Ng4+ 30. Kf3 Bxc2 31. Rxc2 Nxe3 32. Rh2 Nf5 33. a4 Bg7 34. Ke4 h5 35. Rd2 h4 36. Rd3 Ke6 37. a5 Bd4 38. Kf4 Kf6 39. a6 g5+ 40. Kg4 Ne3+ 41. Kh3 Bb6 42. Rd7 Nf5 43. a7 Bxa7 44. Rxa7 Nd4 45. b4 e5 46. Kg4 e4 47. Ra6+ Ke5 48. Ra5+ Kd6 49. Ra6+ Kd5 50. Ra5+ Kd6 51. Ra6+ Kd5 52. Ra5+ Kc4 53. Rxg5 e3 54. Re5 Kd3 55. Rxe3+ Kxe3 56. Kxh4 Kd3 57. Kg5 Kc4 58. b5 Nxb5 1/2-1/2

[Event "Turkish Women-ch Arzum 2022"]
[Site "Ayvalik"]
[Date "2022.03.05"]
[Round "1.6"]
[White "Sahin, Hayrun Nisa"]
[Black "Kalyoncu, Beren"]
[Result "1-0"]
[ECO "C49"]
[WhiteElo "2014"]
[BlackElo "1228"]
[Annotator "NA"]
[PlyCount "73"]
[EventDate "2022.03.04"]
[EventType "swiss"]
[EventCountry "TUR"]
[SourceTitle "playchess.com"]
[Source "ChessBase"]
[SourceQuality "1"]
[TimeControl "5400+30"]

1. e4 e5 2. Nf3 Nc6 3. Nc3 Nf6 4. Bb5 Bb4 5. O-O O-O 6. d3 Bxc3 7. bxc3 d6 8. h3 Ne7 9. Re1 Ng6 10. d4 h6 11. Ba3 c6 12. dxe5 Nh7 13. Bf1 Re8 14. exd6 Bd7 15. Rb1 b6 16. e5 Ng5 17. Nd4 Nh7 18. e6 fxe6 19. Bc4 Nf4 20. Qg4 Qg5 21. Re4 Qxg4 22. hxg4 Nd5 23. Rbe1 Nhf6 24. R4e2 c5 25. Nxe6 Kh8 26. g5 hxg5 27. Nxg5 Nxc3 28. Re5 Nb5 29. Nf7+ Kh7 30. Bb2 Rxe5 31. Bxe5 Re8 32. f4 Nh5 33. Kf2 Kg6 34. Ng5 Kh6 35. g4 Nf6 36. Rh1+ Kg6 37. Bf7# 1-0

[Event "Turkish Women-ch Arzum 2022"]
[Site "Ayvalik"]
[Date "2022.03.05"]
[Round "1.7"]
[White "Susin, Derya Defne"]
[Black "Onur, Cigdem"]
[Result "1/2-1/2"]
[ECO "D37"]
[WhiteElo "1285"]
[BlackElo "2012"]
[Annotator "NA"]
[PlyCount "87"]
[EventDate "2022.03.04"]
[EventType "swiss"]
[EventCountry "TUR"]
[SourceTitle "playchess.com"]
[Source "ChessBase"]
[SourceQuality "1"]
[TimeControl "5400+30"]

1. d4 d5 2. c4 e6 3. Nc3 Nf6 4. Nf3 Be7 5. Bf4 O-O 6. e3 c6 7. Rc1 Nbd7 8. c5 Nh5 9. Bd3 Nxf4 10. exf4 b6 11. b4 a5 12. a3 Ba6 13. O-O Qb8 14. Ne5 Nxe5 15. fxe5 axb4 16. axb4 bxc5 17. bxc5 Qb4 18. Ra1 Bxd3 19. Qxd3 Ra3 20. Nxd5 Rxd3 21. Nxb4 Rxd4 22. Nxc6 Rd7 23. Nxe7+ Rxe7 24. c6 Rc7 25. Rfc1 Rfc8 26. Rab1 f6 27. exf6 gxf6 28. Rb6 Kf7 29. f3 Ke7 30. Kf2 Kd6 31. Rb7 Rxb7 32. cxb7 Rb8 33. Rb1 Kc6 34. Ke3 Rxb7 35. Rxb7 Kxb7 36. Ke4 Kc6 37. h4 h5 38. g4 hxg4 39. fxg4 Kd6 40. g5 fxg5 41. hxg5 Ke7 42. Ke5 Kf7 43. g6+ Kxg6 44. Kxe6 1/2-1/2

[Event "Turkish Women-ch Arzum 2022"]
[Site "Ayvalik"]
[Date "2022.03.05"]
[Round "1.8"]
[White "Acarbay, Algi"]
[Black "Gonultas, Bakriya Anastasiya"]
[Result "1-0"]
[ECO "B30"]
[WhiteElo "1992"]
[BlackElo "1232"]
[Annotator "NA"]
[PlyCount "61"]
[EventDate "2022.03.04"]
[EventType "swiss"]
[EventCountry "TUR"]
[SourceTitle "playchess.com"]
[Source "ChessBase"]
[SourceQuality "1"]
[TimeControl "5400+30"]

1. e4 c5 2. Nf3 Nc6 3. Bb5 a6 4. Bxc6 bxc6 5. O-O e6 6. Re1 g6 7. e5 Bg7 8. Nc3 d6 9. exd6 Qxd6 10. Ne4 Qe7 11. d3 h6 12. Be3 Bf8 13. Bxc5 Qd8 14. Bxf8 Kxf8 15. Ne5 Qd5 16. d4 c5 17. Nxc5 Nf6 18. c4 Qd6 19. Qf3 Kg7 20. Qxa8 Qxd4 21. Qa7 Nd7 22. Nxe6+ fxe6 23. Qxd4 Nf6 24. Qd3 Rh7 25. Qxg6+ Kh8 26. Qxf6+ Kg8 27. Qd8+ Kg7 28. Qe7+ Kg8 29. Qe8+ Kg7 30. Qf7+ Kh8 31. Qf8# 1-0

[Event "Turkish Women-ch Arzum 2022"]
[Site "Ayvalik"]
[Date "2022.03.05"]
[Round "1.9"]
[White "Senkal, Defne"]
[Black "Gokbulut, Yulia"]
[Result "0-1"]
[ECO "C01"]
[WhiteElo "1247"]
[BlackElo "1902"]
[Annotator "NA"]
[PlyCount "122"]
[EventDate "2022.03.04"]
[EventType "swiss"]
[EventCountry "TUR"]
[SourceTitle "playchess.com"]
[Source "ChessBase"]
[SourceQuality "1"]
[TimeControl "5400+30"]

1. e4 e6 2. d4 d5 3. Nc3 Bb4 4. exd5 exd5 5. Bd3 Ne7 6. Qf3 Be6 7. Nge2 Qd7 8. h3 Nbc6 9. O-O f6 10. Be3 O-O-O 11. Nf4 Bf7 12. a3 Bxc3 13. bxc3 h5 14. Ne2 h4 15. Qg4 Be6 16. Qf3 Rdf8 17. Nf4 Bf7 18. Qg4 Qxg4 19. hxg4 g5 20. Nh3 Be6 21. Be2 Rhg8 22. Rab1 Na5 23. Rfe1 Kd7 24. a4 b6 25. f3 Nc8 26. Bd3 Nd6 27. Kh2 Nac4 28. Bc1 Re8 29. Be3 Nxe3 30. Rxe3 a5 31. Rbe1 Bf7 32. Nf2 Rxe3 33. Rxe3 Re8 34. Nd1 Rxe3 35. Nxe3 b5 36. Nf1 bxa4 37. Nd2 a3 38. Nb3 a4 39. Na1 Kc6 40. Kg1 Nb5 41. Kf2 Nxc3 42. Ke3 Nd1+ 43. Kd2 Nb2 44. Be2 Nc4+ 45. Bxc4 dxc4 46. c3 a2 47. Ke3 Bg6 48. Kf2 Kd5 49. Kg1 Bd3 50. Kf2 c5 51. dxc5 Kxc5 52. Ke3 Kd5 53. Kf2 Ke5 54. Ke3 f5 55. gxf5 Kxf5 56. Kf2 Kf4 57. g3+ hxg3+ 58. Kg2 a3 59. Kh1 Kxf3 60. Kg1 g2 61. Kh2 Kf2 0-1

[Event "Turkish Women-ch Arzum 2022"]
[Site "Ayvalik"]
[Date "2022.03.05"]
[Round "1.11"]
[White "Engel, Ecrin Tuana"]
[Black "Hereklioglu, Sude"]
[Result "1/2-1/2"]
[ECO "A48"]
[WhiteElo "1250"]
[BlackElo "1924"]
[Annotator "NA"]
[PlyCount "124"]
[EventDate "2022.03.04"]
[EventType "swiss"]
[EventCountry "TUR"]
[SourceTitle "playchess.com"]
[Source "ChessBase"]
[SourceQuality "1"]
[TimeControl "5400+30"]

1. d4 Nf6 2. Bf4 d6 3. Nf3 g6 4. e3 Bg7 5. c4 Bg4 6. Be2 Nbd7 7. h3 Bxf3 8. Bxf3 c6 9. Nc3 e5 10. dxe5 dxe5 11. Bg3 O-O 12. O-O Qe7 13. Rc1 Nc5 14. b4 Rfd8 15. Qc2 Nd3 16. Rb1 e4 17. Be2 Nxb4 18. Qb3 a5 19. a3 Nd3 20. Qxb7 Qxa3 21. Rb3 Qc5 22. Bc7 Re8 23. Rb6 Qxc4 24. Rxc6 Qb4 25. Qxb4 axb4 26. Nxe4 Nxe4 27. Bxd3 b3 28. f3 Nd2 29. Rd1 Ra2 30. Ba5 Rxa5 31. Rxd2 b2 32. Bb1 Ra1 33. Rd1 Rxe3 34. Rc8+ Bf8 35. Rb8 Rd3 36. Rxd3 Rxb1+ 37. Kf2 Kg7 38. Rdb3 Bc5+ 39. Ke2 Bd4 40. Kd3 Be5 41. R8b5 Bf6 42. f4 Rf1 43. Ke3 h5 44. Rxb2 Bxb2 45. Rxb2 h4 46. Rb5 f5 47. Rb7+ Kh6 48. Rb8 Ra1 49. Rb4 Ra3+ 50. Kf2 g5 51. fxg5+ Kxg5 52. Rb8 Rc3 53. Rg8+ Kf4 54. Ke2 Rc2+ 55. Kd3 Ra2 56. Rg7 Ra3+ 57. Ke2 Rg3 58. Rxg3 Kxg3 59. Kf1 f4 60. Kg1 f3 61. gxf3 Kxf3 62. Kh2 Kf2 1/2-1/2

[Event "Turkish Women-ch Arzum 2022"]
[Site "Ayvalik"]
[Date "2022.03.05"]
[Round "1.12"]
[White "Demirtas, Hafize"]
[Black "Olmez, Sude"]
[Result "1-0"]
[ECO "C90"]
[WhiteElo "1779"]
[BlackElo "1170"]
[Annotator "NA"]
[PlyCount "43"]
[EventDate "2022.03.04"]
[EventType "swiss"]
[EventCountry "TUR"]
[SourceTitle "playchess.com"]
[Source "ChessBase"]
[SourceQuality "1"]
[TimeControl "5400+30"]

1. e4 e5 2. Nf3 Nc6 3. Bb5 a6 4. Ba4 Nf6 5. O-O b5 6. Bb3 Be7 7. Re1 O-O 8. d3 d6 9. c3 Bb7 10. Nbd2 Na5 11. Bc2 c5 12. d4 exd4 13. cxd4 Nc6 14. e5 dxe5 15. dxe5 Nd5 16. Ne4 c4 17. a3 Nc7 18. Bg5 Bxg5 19. Nfxg5 h6 20. Qh5 Ne6 21. Nxe6 fxe6 22. Nd6 1-0

[Event "Turkish Women-ch Arzum 2022"]
[Site "Ayvalik"]
[Date "2022.03.05"]
[Round "1.13"]
[White "Sezer, Ipek"]
[Black "Can, Isil"]
[Result "0-1"]
[ECO "D43"]
[WhiteElo "1329"]
[BlackElo "1875"]
[Annotator "NA"]
[PlyCount "54"]
[EventDate "2022.03.04"]
[EventType "swiss"]
[EventCountry "TUR"]
[SourceTitle "playchess.com"]
[Source "ChessBase"]
[SourceQuality "1"]
[TimeControl "5400+30"]

1. d4 d5 2. c4 c6 3. Nc3 Nf6 4. Nf3 e6 5. a4 Bd6 6. Bg5 Nbd7 7. e3 Qa5 8. Bd3 Ne4 9. Rc1 Nxg5 10. Nxg5 dxc4 11. Nge4 Be7 12. Bxc4 O-O 13. O-O a6 14. Ne2 b5 15. Bb3 Qb6 16. Nf4 c5 17. d5 c4 18. d6 Bf6 19. Ba2 Bb7 20. Ng3 Bxb2 21. Rb1 Be5 22. Nge2 Qc6 23. h4 Bxf4 24. Nxf4 e5 25. Qd5 exf4 26. Qxc6 Bxc6 27. exf4 Nb6 0-1

[Event "Turkish Women-ch Arzum 2022"]
[Site "Ayvalik"]
[Date "2022.03.05"]
[Round "1.14"]
[White "Catal, Uktenur"]
[Black "Yazici, Zumral"]
[Result "1-0"]
[ECO "D37"]
[WhiteElo "1832"]
[BlackElo "1229"]
[Annotator "NA"]
[PlyCount "103"]
[EventDate "2022.03.04"]
[EventType "swiss"]
[EventCountry "TUR"]
[SourceTitle "playchess.com"]
[Source "ChessBase"]
[SourceQuality "1"]
[TimeControl "5400+30"]

1. d4 d5 2. c4 e6 3. Nf3 a6 4. cxd5 exd5 5. Nc3 Nf6 6. Bg5 Be7 7. e3 c6 8. Bd3 Be6 9. Qc2 h6 10. Bh4 Nbd7 11. O-O O-O 12. Rab1 Rc8 13. b4 Nb6 14. a4 g5 15. Bg3 Kh8 16. Be5 Nbd7 17. a5 g4 18. Bxf6+ Bxf6 19. Nd2 Rg8 20. Ne2 Bg5 21. Ng3 Nf6 22. Nb3 Rc7 23. Nc5 Bc8 24. Ne2 Re7 25. Nc3 Qd6 26. N3a4 h5 27. Nb6 Be6 28. g3 h4 29. Kg2 Nh5 30. Rbe1 h3+ 31. Kg1 Rf8 32. e4 f6 33. e5 Qc7 34. Nxe6 Rxe6 35. Bf5 Re7 36. Bxg4 Rh7 37. Bxh5 Rxh5 38. Nxd5 Qd7 39. Nxf6 Bxf6 40. exf6 Rxf6 41. Qe4 Rf8 42. Qe7 Rf7 43. Qxd7 Rxd7 44. Re4 Rhd5 45. Rh4+ Rh7 46. Rxh7+ Kxh7 47. Rd1 Kg6 48. f3 Kf6 49. Kf2 Rb5 50. Rb1 Ke6 51. Ke3 Kd5 52. g4 1-0

[Event "Turkish Women-ch Arzum 2022"]
[Site "Ayvalik"]
[Date "2022.03.05"]
[Round "1.15"]
[White "Oztatar, Meleknaz"]
[Black "Akat, Elifnaz"]
[Result "0-1"]
[ECO "E61"]
[WhiteElo "1063"]
[BlackElo "1673"]
[Annotator "NA"]
[PlyCount "56"]
[EventDate "2022.03.04"]
[EventType "swiss"]
[EventCountry "TUR"]
[SourceTitle "playchess.com"]
[Source "ChessBase"]
[SourceQuality "1"]
[TimeControl "5400+30"]

1. d4 c5 2. e3 Nf6 3. Nf3 g6 4. c4 Bg7 5. Nc3 O-O 6. a3 cxd4 7. exd4 d5 8. c5 Nc6 9. h3 Re8 10. Be2 Ne4 11. Be3 e5 12. dxe5 Nxc3 13. bxc3 Nxe5 14. Nxe5 Bxe5 15. Bd4 Qg5 16. Kf1 Bd7 17. h4 Qf6 18. g4 Bxd4 19. cxd4 Re4 20. Qb3 Rae8 21. Bf3 Rf4 22. Kg2 Bxg4 23. Bxg4 Rxg4+ 24. Kf1 Rxh4 25. Rxh4 Qxh4 26. Kg2 Qg4+ 27. Qg3 Qxd4 28. Rb1 Qe4+ 0-1

[Event "Turkish Women-ch Arzum 2022"]
[Site "Ayvalik"]
[Date "2022.03.05"]
[Round "1.16"]
[White "Gur, Tuba"]
[Black "Mullakutukcu, Ela"]
[Result "1-0"]
[ECO "A46"]
[WhiteElo "1750"]
[BlackElo "1154"]
[Annotator "NA"]
[PlyCount "63"]
[EventDate "2022.03.04"]
[EventType "swiss"]
[EventCountry "TUR"]
[SourceTitle "playchess.com"]
[Source "ChessBase"]
[SourceQuality "1"]
[TimeControl "5400+30"]

1. d4 c5 2. e3 Nf6 3. Nf3 e6 4. Bd3 Nc6 5. O-O Be7 6. b3 O-O 7. Bb2 b6 8. Ne5 Bb7 9. c4 d6 10. Nxc6 Bxc6 11. Qc2 h6 12. f4 Qc7 13. Nd2 Ng4 14. Rae1 Rad8 15. Nf3 Ba8 16. e4 Nf6 17. d5 exd5 18. exd5 b5 19. Qe2 bxc4 20. bxc4 Rb8 21. Bb1 Bd8 22. Qc2 g6 23. f5 g5 24. Qd2 Kh7 25. h4 g4 26. Ng5+ hxg5 27. hxg5 Ne8 28. f6+ Kg8 29. Qd3 Nxf6 30. Rxf6 Bxf6 31. gxf6 Rxb2 32. Qh7# 1-0

[Event "Turkish Women-ch Arzum 2022"]
[Site "Ayvalik"]
[Date "2022.03.05"]
[Round "1.17"]
[White "Yalcin, Fahriye Zeynep"]
[Black "Kalayci, Nino"]
[Result "0-1"]
[ECO "C01"]
[WhiteElo "1260"]
[BlackElo "1775"]
[Annotator "NA"]
[PlyCount "136"]
[EventDate "2022.03.04"]
[EventType "swiss"]
[EventCountry "TUR"]
[SourceTitle "playchess.com"]
[Source "ChessBase"]
[SourceQuality "1"]
[TimeControl "5400+30"]

1. e4 e6 2. d4 d5 3. exd5 exd5 4. Nf3 Nf6 5. Bd3 Bd6 6. Nc3 O-O 7. O-O c6 8. Re1 Bg4 9. Be3 Nbd7 10. Be2 Qc7 11. h3 Bh5 12. Ng5 Bxe2 13. Rxe2 h6 14. Nf3 Ne4 15. Qd3 Ndf6 16. Rae1 Qb6 17. Bc1 Qa5 18. a3 Bxa3 19. Ne5 Bb4 20. Bxh6 gxh6 21. Nxe4 dxe4 22. Qg3+ Kh7 23. c3 Bd6 24. Qf4 Qd8 25. Qf5+ Kh8 26. Qf4 Bxe5 27. Qxh6+ Nh7 28. dxe5 Qg5 29. Qxg5 Nxg5 30. h4 Ne6 31. Rxe4 Rg8 32. f4 Rad8 33. b4 Rd2 34. f5 Rgxg2+ 35. Kh1 Ng7 36. e6 fxe6 37. fxe6 Ne8 38. Rf4 Rgf2 39. Rf7 Nd6 40. Rxf2 Rxf2 41. e7 Ne8 42. Rd1 Kg7 43. Rd7 b5 44. Rxa7 Rc2 45. h5 Rxc3 46. Kg2 Re3 47. Ra6 Re6 48. Kf3 Nf6 49. Ra7 Kf7 50. h6 Rxe7 51. Rxe7+ Kxe7 52. h7 Nxh7 53. Ke3 Kd6 54. Kd4 Nf6 55. Kd3 Nd5 56. Kc2 Nxb4+ 57. Kb3 c5 58. Kc3 Kd5 59. Kb3 Kd4 60. Kb2 Kd3 61. Kc1 c4 62. Kb2 c3+ 63. Kb3 c2 64. Kxb4 c1=Q 65. Kxb5 Kd4 66. Ka4 Qb2 67. Ka5 Kc5 68. Ka4 Qb4# 0-1

[Event "Turkish Women-ch Arzum 2022"]
[Site "Ayvalik"]
[Date "2022.03.05"]
[Round "1.18"]
[White "Incecik, Seyma Zeynep"]
[Black "Aksoy, Duru"]
[Result "1/2-1/2"]
[ECO "B27"]
[WhiteElo "1777"]
[BlackElo "1223"]
[Annotator "NA"]
[PlyCount "76"]
[EventDate "2022.03.04"]
[EventType "swiss"]
[EventCountry "TUR"]
[SourceTitle "playchess.com"]
[Source "ChessBase"]
[SourceQuality "1"]
[TimeControl "5400+30"]

1. e4 c5 2. Nf3 g6 3. d4 cxd4 4. Qxd4 Nf6 5. Nc3 Nc6 6. Qd3 Bg7 7. Bg5 O-O 8. O-O-O Qa5 9. Qb5 Qxb5 10. Bxb5 a6 11. Bd3 d6 12. Nd5 Bd7 13. Nxf6+ exf6 14. Bf4 Ne5 15. Be2 Rac8 16. Rxd6 Bc6 17. Rd4 Rfe8 18. Re1 Ng4 19. Bg3 f5 20. e5 Nxe5 21. Nxe5 Bxe5 22. Bxe5 Rxe5 23. f4 Re3 24. Rd3 Rxd3 25. Bxd3 Bxg2 26. Rg1 Be4 27. Kd2 Kg7 28. Re1 Re8 29. Rg1 h6 30. a3 Kf6 31. h4 Rg8 32. Bxe4 fxe4 33. Ke3 Kf5 34. Rd1 Kg4 35. Rg1+ Kf5 36. Rd1 Kg4 37. Rg1+ Kf5 38. Rd1 Kg4 1/2-1/2

[Event "Turkish Women-ch Arzum 2022"]
[Site "Ayvalik"]
[Date "2022.03.05"]
[Round "1.19"]
[White "Bassari, Senem Gul"]
[Black "Baloglu, Dila"]
[Result "0-1"]
[ECO "C02"]
[WhiteElo "1197"]
[BlackElo "1630"]
[Annotator "NA"]
[PlyCount "120"]
[EventDate "2022.03.04"]
[EventType "swiss"]
[EventCountry "TUR"]
[SourceTitle "playchess.com"]
[Source "ChessBase"]
[SourceQuality "1"]
[TimeControl "5400+30"]

1. e4 e6 2. d4 d5 3. e5 c5 4. c3 Nc6 5. Nf3 Qb6 6. Na3 cxd4 7. cxd4 Bd7 8. Nc2 Rc8 9. Bd3 Nb4 10. Nxb4 Bxb4+ 11. Bd2 Ne7 12. O-O Bxd2 13. Qxd2 Bb5 14. Bxb5+ Qxb5 15. Qg5 Nf5 16. Rac1 Rxc1 17. Qxc1 O-O 18. Qc2 h6 19. Rc1 Ne7 20. Qd2 Rc8 21. Rxc8+ Nxc8 22. Ne1 Nb6 23. b3 Nc8 24. Nd3 Ne7 25. Qc3 Nc6 26. h3 Qa6 27. Nc5 Qxa2 28. Nxb7 Qa6 29. Nc5 Qb5 30. Kh2 a5 31. Na4 Ne7 32. Nc5 Qb4 33. Qa1 Nf5 34. Qa4 Qxd4 35. Qxd4 Nxd4 36. Kg3 Kf8 37. Kf4 Ke7 38. Ke3 Nc6 39. f4 Kd8 40. Na4 Kc7 41. Kd3 Nb4+ 42. Kc3 Kc6 43. Kd4 Nc2+ 44. Kc3 Ne3 45. g4 Kb5 46. g5 h5 47. g6 fxg6 48. Kd4 Nf5+ 49. Kc3 d4+ 50. Kd3 Kb4 51. Kc2 h4 52. Kd3 Kxb3 53. Nc5+ Kb4 54. Nxe6 a4 55. Nxd4 Nxd4 56. Kxd4 a3 57. e6 a2 58. Kd5 a1=Q 59. e7 Qa8+ 60. Ke6 Qe8 0-1

[Event "Turkish Women-ch Arzum 2022"]
[Site "Ayvalik"]
[Date "2022.03.05"]
[Round "1.20"]
[White "Bese, Irem"]
[Black "Dal, Nurseda"]
[Result "1-0"]
[ECO "C92"]
[WhiteElo "1714"]
[BlackElo "1116"]
[Annotator "NA"]
[PlyCount "69"]
[EventDate "2022.03.04"]
[EventType "swiss"]
[EventCountry "TUR"]
[SourceTitle "playchess.com"]
[Source "ChessBase"]
[SourceQuality "1"]
[TimeControl "5400+30"]

1. e4 e5 2. Nf3 Nc6 3. Bb5 a6 4. Ba4 Nf6 5. O-O b5 6. Bb3 d6 7. c3 Be7 8. h3 O-O 9. Re1 Be6 10. Bc2 Re8 11. d3 h6 12. Nbd2 Bf8 13. Nf1 Ne7 14. Ng3 c5 15. d4 cxd4 16. cxd4 Ng6 17. a4 Qc7 18. d5 Bd7 19. a5 b4 20. Be3 Rec8 21. Bd3 Bb5 22. Bxb5 axb5 23. Qb3 Qc4 24. Nd2 Qxb3 25. Nxb3 Ra6 26. Rec1 Rca8 27. f3 Ne7 28. Rd1 Nd7 29. Rac1 Rc8 30. Rxc8 Nxc8 31. Rc1 Nc5 32. Nxc5 dxc5 33. Bxc5 Bxc5+ 34. Rxc5 Na7 35. Nf5 1-0

[Event "Turkish Women-ch Arzum 2022"]
[Site "Ayvalik"]
[Date "2022.03.05"]
[Round "1.21"]
[White "Topal, Berfin"]
[Black "Yurdakul, Didem Nuray"]
[Result "0-1"]
[ECO "B23"]
[WhiteElo "1322"]
[BlackElo "1804"]
[Annotator "NA"]
[PlyCount "72"]
[EventDate "2022.03.04"]
[EventType "swiss"]
[EventCountry "TUR"]
[SourceTitle "playchess.com"]
[Source "ChessBase"]
[SourceQuality "1"]
[TimeControl "5400+30"]

1. e4 c5 2. Nc3 d6 3. Bc4 Nf6 4. f4 Bg4 5. Nf3 Nc6 6. h3 Bxf3 7. Qxf3 Nd4 8. Qd1 e6 9. d3 a6 10. a3 b5 11. Ba2 Be7 12. Ne2 Nc6 13. O-O O-O 14. Be3 d5 15. e5 Nd7 16. c3 a5 17. d4 c4 18. Ng3 Bh4 19. Nh1 Be7 20. Qg4 Qb6 21. Rf3 b4 22. Ng3 Ra7 23. f5 exf5 24. Nxf5 g6 25. Nxe7+ Nxe7 26. axb4 axb4 27. cxb4 Qxb4 28. Raf1 h5 29. Qg5 Rxa2 30. e6 fxe6 31. Rxf8+ Nxf8 32. Qf6 Nf5 33. g4 hxg4 34. hxg4 Qxb2 35. Rf2 Qb1+ 36. Rf1 Qe4 0-1

[Event "Turkish Women-ch Arzum 2022"]
[Site "Ayvalik"]
[Date "2022.03.05"]
[Round "1.22"]
[White "Akin, Duru"]
[Black "Sahin, Cagla Yudum"]
[Result "1-0"]
[ECO "C56"]
[WhiteElo "1563"]
[BlackElo "1162"]
[Annotator "NA"]
[PlyCount "61"]
[EventDate "2022.03.04"]
[EventType "swiss"]
[EventCountry "TUR"]
[SourceTitle "playchess.com"]
[Source "ChessBase"]
[SourceQuality "1"]
[TimeControl "5400+30"]

1. e4 e5 2. Nf3 Nc6 3. d4 exd4 4. Bc4 Nf6 5. e5 d5 6. Bb5 Ne4 7. Nxd4 Bd7 8. Bxc6 bxc6 9. O-O g6 10. f3 Nc5 11. Be3 Ne6 12. Nb3 Ng7 13. Bh6 Ne6 14. Bxf8 Nxf8 15. f4 h5 16. Nc3 Bg4 17. Qd2 Ne6 18. h3 Bf5 19. Ne2 Qe7 20. Ned4 Nxd4 21. Qxd4 O-O 22. Qc3 Bd7 23. Nc5 Bf5 24. Rae1 Rae8 25. b4 Qh4 26. Nb3 Rd8 27. Nd4 Be4 28. Nxc6 Rd7 29. Nd4 Re8 30. Kh2 Kh7 31. Nc6 1-0